 Dungeon Crawl Stone Soup version 0.27-a0-341-g40fdf68bc5 (webtiles) character file.

Game seed: 14211384091359845255

38 Chiseanne the Chopper (level 3, -4/27 HPs)
             Began as a Demonspawn Wanderer on Feb 14, 2021.
             Killed by divine providence
             ... invoked by an orc priest
              (11 damage)
             ... on level 2 of the Dungeon.
             The game lasted 00:02:50 (826 turns).

Chiseanne the Chopper (Demonspawn Wanderer)          Turns: 826, Time: 00:02:51

Health: -4/27      AC:  7    Str: 12    XL:     3   Next: 25%
Magic:  6/6        EV: 10    Int: 11    God:
Gold:   48         SH:  5    Dex: 15    Spells: 6/6 levels left

rFire    . . .     SeeInvis .   a - +2 hand axe
rCold    . . .     Faith    .   e - +1 buckler {reflect}
rNeg     . . .     Spirit   .   g - +0 ring mail
rPois    .         Reflect  +   (no helmet)
rElec    .         Harm     .   l - +0 cloak
rCorr    .         Rampage  .   (no gloves)
Will     .....                  i - +0 pair of boots
Stlth    +.........             (no amulet)
HPRegen  0.09/turn              (no ring)
MPRegen  0.10/turn              (no ring)

@: no status effects
A: demonic magic 1
a: no special abilities


You were on level 2 of the Dungeon.
You visited 1 branch of the dungeon, and saw 3 of its levels.

You collected 48 gold pieces.

Inventory:

Hand Weapons
 a - a +2 hand axe (weapon)
Missiles
 b - 21 sling bullets
Armour
 e - a +1 buckler of reflection (worn)
 g - a +0 ring mail (worn)
 i - a +0 pair of boots (worn)
 l - a +0 cloak (worn)
Scrolls
 c - a scroll of amnesia {unknown}
 f - a scroll of teleportation {unknown}
 h - a scroll of identify {unknown}
 m - a scroll of magic mapping {unknown}
 n - a scroll of random uselessness {unknown}
Potions
 d - 2 potions of curing
 j - a potion of heal wounds {unknown}
 k - a potion of invisibility {unknown}


   Skills:
 * Level 1.7 Fighting
 - Level 3.6 Axes
 - Level 1.0 Throwing
 * Level 1.1 Armour
 * Level 1.1 Dodging
 - Level 1.0 Stealth
 * Level 1.1 Shields
 - Level 2.0 Spellcasting
 - Level 1.0 Transmutations


You had 6 spell levels left.
You didn't know any spells.
Your spell library was empty.

Dungeon Overview and Level Annotations

Branches:
Dungeon (3/15)

Altars:
Dithmenos

Annotations:
D:3 Terence


Innate Abilities, Weirdness & Mutations

Spells you cast may paralyse adjacent enemies.


Message History

Found 10 stones.
There is a stone staircase leading down here.
You climb downwards.
There is a stone staircase leading up here.
You open the door.
Found 28 stones.
There is an open door here.
An orc priest comes into view. It is wielding a +0 trident.
The orc priest shouts!
You hear a shout!
An orc comes into view. It is wielding a +0 dagger.
There is an open door here.
You start waiting.
An orc priest is nearby!
You block the orc priest's attack.
There is a stone staircase leading up here.
Terence the Incautious comes into view.
He is wielding a +0 mace and carrying a wand of flame (10).
Terence shouts!
Terence zaps a wand.
The puff of flame misses you.
The orc priest hits you with a +0 trident.
There is a stone staircase leading up here.
The orc priest misses you.
You climb upwards.
There is a stone staircase leading down here.
You closely miss the orc priest. The orc priest completely misses you.
You slash the orc priest!
The orc priest is heavily wounded.
The orc priest hits you with a +0 trident.
You closely miss the orc priest.
The orc priest is heavily wounded.
The orc priest mumbles some strange prayers to Beogh against you.
Beogh smites you!
You barely miss the orc priest.
The orc priest is heavily wounded.
The orc priest hits you with a +0 trident.
* * * LOW HITPOINT WARNING * * *
You closely miss the orc priest.
The orc priest is heavily wounded.
The orc priest calls down the wrath of Beogh upon you.
Beogh smites you!
You die...

### ..########### ......).....#
#########
..#########.#############........
.## #.....@.........######( .#
#....o####...#### .# #.###.#
#.#.####### .# #.# #.#
#.#........ .#### #.# #.#
#.########. ....# #.# #.# #.#
###.# #.# #.# #.# #.#######. #.#
#.# ###.#....... ..


You could see an orc priest.

Vanquished Creatures
  2 adders (D:2)
  A worm (D:2)
  A leopard gecko (D:2)
  2 giant cockroaches
  3 goblins (D:2)
  2 hobgoblins (D:2)
  2 bats (D:2)
  A frilled lizard (D:2)
  2 kobolds (D:2)
  A rat (D:2)
17 creatures vanquished.

Notes
Turn   | Place    | Note
-------+----------+-------------------------------------------
     0 | D:1      | Chiseanne the Demonspawn Wanderer began the quest for the
                  | Orb.
     0 | D:1      | Chiseanne set off with the following items: a +2 hand axe,
                  | a +0 shortbow, 27 arrows, a potion of curing, a +0 robe
     0 | D:1      | Reached XP level 1. HP: 15/15 MP: 3/3
   187 | D:2      | Gained mutation: Spells you cast may paralyse adjacent
                  | enemies. [demonic ancestry]
   187 | D:2      | Reached XP level 2. HP: 13/21 MP: 5/5
   399 | D:2      | Reached skill level 1 in Armour
   399 | D:2      | Reached skill level 1 in Dodging
   468 | D:2      | Reached skill level 1 in Shields
   485 | D:2      | Reached XP level 3. HP: 26/26 MP: 6/6
   582 | D:2      | Found a shadowy altar of Dithmenos.
   818 | D:3      | Noticed Terence
   826 | D:2      | Killed from afar by an orc priest

Illustrated notes

Levels and vault maps discovered:
D:1:      onia_arrival_pyramid, layout_loops_corners, minmay_misc_feat_five,
          okawaru_ov_weapons_minmay
D:2:      layout_loops_ring, nicolae_dithmenos_shadow_blocks,
          kennysheep_generic_room_7
D:3:      layout_basic, zin_purify, marbit_many_paths,
          gammafunk_temple_overflow_statue, nemelex_lonely_heart_becter,
          uniq_natasha, uniq_terence, uniq_crazy_yiuf_cottage

Skill      XL: |  1  2 |
---------------+-------+-----
Armour         | 1 |  1.1
Dodging        | 1 |  1.1
Shields        | 1 |  1.1
Fighting       | |  1.7
Axes           | |  3.6
Throwing       | |  1.0
Stealth        | |  1.0
Spellcasting   | |  2.0
Transmutations | |  1.0

Action                   || total
-------------------------++-------
Melee: Hand axe          ||    52
 Stab: Sleeping          ||     1
Armor: Ring mail         ||    30
Dodge: Dodged            ||    24
Block: Buckler           ||    17

Table legend: (Time is in decaauts)
 A = Elapsed time spent in this place.
 B = Non-inter-level travel time spent in this place.
 C = Inter-level travel time spent in this place.
 D = Time resting spent in this place.
 E = Time spent auto-exploring this place.
 F = Levels seen in this place.
 G = Mean time per level.
                   A        B        C        D        E       F      G
               +--------+--------+--------+--------+--------+-----+--------+
         Total |    836 |    836 |      0 |    470 |      0 |   3 |  278.7 |
       Dungeon |    836 |    836 |      0 |    470 |      0 |   3 |  278.7 |
               +--------+--------+--------+--------+--------+-----+--------+

Top non-repeatable levels by time:
     D:2: 756 daAuts
     D:1: 61 daAuts
     D:3: 18 daAuts
